Unix NetHack Version 3.7.0-53 Work-in-progress - last build Apr 11 2022 03:59:15 (1e4a17dd8e4cd83bd3ef5d46a59529246cfc2aae,branch:master). Game began 2022-04-13 08:14:29, ended 2022-04-13 08:48:29. elenmirie, neutral female human Tourist --- ----- |..--- ----... |....---- ---..... |.......| ----....... --- ---- ---.---.---- |.......... ----- ..--- |..| |.| |....-- |.......... ....| ......------ --..| |.| |..^..| |......... ...........^..... |...-- |.| ---..-- -.......[ 0............ |....-- |.| |.---- .....--%........- |.....| |.--- |.--.| -.a........- --..|.| |...|--....| ----@--.- ..-- ----|.| |..(||.*...-------....| .. | ----..-|.-- |..--|.*...........---- ... |.|..).|..---|..| --.|.---------- .... |...........--..-- ----- -.... --^..---)........-- -..... |.*.| |.)...)....| --.... |...|--).---.....| -..- --.--|.<.| --.---- --- --- --.-- --- --- Elenmirie the Sightseer St:13 Dx:13 Co:15 In:13 Wi:9 Ch:15 Neutral Dlvl:5 $:203 HP:0(41) Pw:20(20) AC:3 Xp:5/184 T:3743 Burdened Latest messages: The giant ant just misses! You hit the giant ant. The giant ant bites! Yermak misses the giant ant. You hit the giant ant. The giant ant bites! Yermak bites the giant ant. The giant ant misses Yermak. Yermak misses the giant ant. You kill the giant ant! Yermak misses the newt. You miss the newt. Yermak misses the newt. The newt bites! Yermak misses the newt. The newt bites! Yermak misses the newt. You kill the newt! Yermak eats a newt corpse. You swap places with Yermak. The leprechaun hits! Your purse feels lighter. The leprechaun vanishes! You hit the newt. The newt bites! You kill the newt! The giant ant bites! You miss the giant ant. The giant ant misses! The giant ant misses! You hit the giant ant. The giant ant bites! The giant ant bites! You hit the giant ant. The giant ant bites! The giant ant misses! The giant ant bites! You miss the giant ant. The giant ant bites! You swap places with Yermak. Yermak eats a newt corpse. The giant ant bites! The giant ant misses! The giant ant bites! You die... Do you want your possessions identified? [ynq] (y) y Do you want to see your attributes? [ynq] (y) y Do you want an account of creatures vanquished? [ynaq] (y) y Do you want to see your conduct and achievements? [ynq] (y) y Do you want to see the dungeon overview? [ynq] (y) y Major events: Turn 1: elenmirie the neutral female human Tourist entered the dungeon 1550: attained the rank of Sightseer (level 3) 2246: entered the Gnomish Mines 3743: killed by a giant ant Inventory: Coins $ - 203 gold pieces Weapons P - 8 uncursed +0 silver arrows a - 18 blessed +2 darts (at the ready) E - an uncursed +0 elven dagger (weapon in hand) y - an uncursed +0 mace Armor w - an uncursed +0 dwarvish iron helm (being worn) J - an uncursed +0 orcish helm T - an uncursed +1 pair of leather gloves Q - an uncursed +1 pair of iron shoes (being worn) R - an uncursed +0 dwarvish cloak (being worn) m - an uncursed +0 Hawaiian shirt with a sailboat motif (being worn) t - a blessed +0 leather armor (being worn) Comestibles O - an uncursed food ration i - an uncursed lembas wafer c - an uncursed sprig of wolfsbane b - 2 uncursed tripe rations A - 2 uncursed tripe rations Scrolls S - an uncursed scroll of confuse monster z - an uncursed scroll of create monster F - a blessed scroll of enchant armor H - an uncursed scroll of enchant armor q - 3 uncursed scrolls of identify l - a blessed scroll of magic mapping k - 3 uncursed scrolls of magic mapping N - an uncursed scroll of magic mapping v - a cursed scroll of remove curse D - an uncursed scroll of stinking cloud K - an uncursed scroll of teleportation L - a cursed scroll of teleportation Spellbooks U - a cursed spellbook of extra healing W - a cursed spellbook of healing M - an uncursed spellbook of jumping V - a cursed spellbook of stone to flesh Potions Z - a cursed potion of acid Y - a cursed potion of booze X - 2 cursed potions of fruit juice r - a cursed potion of levitation f - a cursed potion of see invisible d - a cursed potion of sleeping Rings g - a cursed ring of hunger Wands C - an uncursed wand of sleep (0:3) h - a cursed wand of sleep (0:7) Tools n - a cursed tooled horn o - a cursed brass lantern j - an uncursed expensive camera (0:88) e - an uncursed skeleton key p - a cursed stethoscope Elenmirie the Tourist's attributes: Background: You were a Sightseer, a level 5 female human Tourist. You were neutral, on a mission for The Lady who was opposed by Blind Io (lawful) and Offler (chaotic). You were in the Gnomish Mines, on level 5. You entered the dungeon 3743 turns ago. You had 184 experience points, 136 more were needed to attain level 6. Basics: You had 0 out of 41 hit points. You had all 20 energy points (spell power). Your armor class was 3. Your wallet contained 203 zorkmids. Autopickup was on for '$' plus thrown. Final Characteristics: Your strength was 13 (limit:18/100). Your dexterity was 13 (limit:18). Your constitution was 15 (limit:18). Your intelligence was 13 (limit:18). Your wisdom was 9 (limit:18). Your charisma was 15 (limit:18). Final Status: You were not hungry. You were burdened; movement was slightly slowed. You were wielding a dagger. You had basic skill with dagger. Final Attributes: You were piously aligned. You were telepathic. You were warded. You are dead. Miscellaneous: You encountered 2 bones levels. Total elapsed playing time was 33 minutes and 58 seconds. Vanquished creatures: a rock piercer a pony a shrieker 2 gnome leaders 3 giant ants 2 floating eyes a dwarf a homunculus a giant bat 2 orc zombies 3 iguanas 2 acid blobs a coyote a gas spore a hobbit a large kobold 2 hobgoblins 3 giant rats a cave spider 2 gnomes 2 gnome zombies a gecko 4 jackals a fox a kobold a goblin 2 sewer rats 3 grid bugs 5 lichens a kobold zombie 7 newts 60 creatures vanquished. No species were genocided or became extinct. Voluntary challenges: You read items or engraved 1 time. You never engraved Elbereth. You never genocided any monsters. You never polymorphed an object. You never changed form. You used no wishes. Achievements: You entered a shop. You attained the rank of Sightseer. You entered the Gnomish Mines. The Dungeons of Doom: levels 1 to 7 Level 1: Level 2: A general store. Level 3: A general store. Level 4: Stairs down to The Gnomish Mines. Level 5: A fountain. Level 6: A fountain. Level 7: Final resting place for mmj-Arc-Dwa-Fem-Law, killed by a scroll of earth. The Gnomish Mines: Level 5: <- You were here. A grave. Final resting place for you, killed by a giant ant, spontiff-Hea-Gno-Mal-Neu, killed by a sewer rat, while fainted from lack of food. Game over: ---------- / \ / REST \ / IN \ / PEACE \ / \ | elenmirie | | 203 Au | | killed by a | | giant ant | | | | | | 2022 | *| * * * | * _________)/\\_//(\/(/\)/\//\/|_)_______ Aloha elenmirie the Tourist... You died in The Gnomish Mines on dungeon level 5 with 1036 points, and 203 pieces of gold, after 3743 moves. You were level 5 with a maximum of 41 hit points when you died.